MLB
ST. LOUIS CARDINALS @ CHICAGO CUBS
08/20/2044
 
TOP OF THE 1ST
St. Louis Cardinals batting - Pitching for Chicago Cubs : RHP Randy Budgell
Pitching: RHP Randy Budgell
Batting: RHB Nick Gentzel 0-0: Called Strike
0-1: Called Strike
0-2: SINGLE (Groundball, 5D, EV 98.1 MPH)
Batting: LHB Zack Berney 0-0: Called Strike
0-1: Ball
1-1: Ball
2-1: Ball
Nick Gentzel steals 2nd base (no throw)
3-1: Swinging Strike
3-2: Strikes out swinging
Batting: SHB Antoine Roux 0-0: Called Strike
0-1: Foul Ball, location: 2F
0-2: Ball
1-2: Foul Ball, location: 2F
1-2: Foul Ball, location: 2F
1-2: Ball
2-2: Fly out, F3 (Line Drive, 4, EV 63.1 MPH)
Batting: RHB Eric Chotkowski 0-0: Ball
1-0: SINGLE (Groundball, 4MD, EV 100.0 MPH)
Nick Gentzel to third
Runner from 3rd tries for Home, SAFE, throw by CF to home
Batting: LHB Ben Rubenacker 0-0: Foul Ball, location: 2F
0-1: Foul Ball, location: 2F
0-2: Ball
1-2: Fielders Choice at 2nd, U4 (Groundball, 4M, EV 84.4 MPH)
Top of the 1st over - 1 run, 2 hits, 0 errors, 1 left on base; St. Louis 1 - Chicago 0
BOTTOM OF THE 1ST
Chicago Cubs batting - Pitching for St. Louis Cardinals : LHP Steve Cooper
Pitching: LHP Steve Cooper
Batting: RHB Elijah Campbell 0-0: Ground out 5-3 (Groundball, 56, EV 100.0 MPH)
Batting: RHB Josh Kalman 0-0: Ball
1-0: Called Strike
1-1: Ball
2-1: Ball
3-1: Base on Balls
Batting: RHB Efrain Vargas 0-0: Ball
1-0: SINGLE (Popup, 6D, EV 63.1 MPH)
Josh Kalman to second
Batting: RHB Will Leslie 0-0: Ball
1-0: Ball
2-0: Called Strike
2-1: Fly out, F5 (Popup, 5SF, EV 81.3 MPH)
Batting: LHB Kevin Norton 0-0: Ball
1-0: Ball
2-0: Ball
3-0: Base on Balls
Josh Kalman to third
Efrain Vargas to second
Batting: RHB Steve Bui 0-0: Foul Ball, location: 2F
0-1: Fly out, F7 (Flyball, 7LS, EV 95.6 MPH)
Bottom of the 1st over - 0 runs, 1 hit, 0 errors, 3 left on base; St. Louis 1 - Chicago 0
TOP OF THE 2ND
St. Louis Cardinals batting - Pitching for Chicago Cubs : RHP Randy Budgell
Batting: RHB Cole Bittner 0-0: Swinging Strike
0-1: Called Strike
0-2: Foul Ball, location: 2F
0-2: Fly out, F5 (Popup, 5S, EV 68.8 MPH)
Batting: RHB Jason Gress 0-0: Called Strike
0-1: Foul Ball, location: 2F
0-2: Strikes out looking
Batting: RHB Pavpv Ivanushkin 0-0: Ball
1-0: Ball
2-0: Ball
3-0: Called Strike
3-1: Base on Balls
Batting: RHB Rick O'Reilly 0-0: Ball
1-0: Fielders Choice at 2nd, 6-4 (Groundball, 56, EV 89.4 MPH)
Top of the 2nd over - 0 runs, 0 hits, 0 errors, 1 left on base; St. Louis 1 - Chicago 0
BOTTOM OF THE 2ND
Chicago Cubs batting - Pitching for St. Louis Cardinals : LHP Steve Cooper
Batting: RHB Adam O'Hare 0-0: Ground out 6-3 (Groundball, 6, EV 85.0 MPH)
Batting: RHB Andy Wasierski 0-0: Ball
1-0: Ball
2-0: Called Strike
2-1: Foul Ball, location: 2F
2-2: Foul Ball, location: 2F
2-2: Ball
3-2: Ground out 6-3 (Groundball, 6, EV 84.4 MPH)
Batting: RHB Jamie Ogilvie 0-0: Called Strike
0-1: Ball
1-1: Foul Ball, location: 2F
1-2: Strikes out swinging
Bottom of the 2nd over - 0 runs, 0 hits, 0 errors, 0 left on base; St. Louis 1 - Chicago 0
TOP OF THE 3RD
St. Louis Cardinals batting - Pitching for Chicago Cubs : RHP Randy Budgell
Batting: RHB Nick Gentzel 0-0: Foul Ball, location: 2F
0-1: Foul Ball, location: 2F
0-2: Strikes out swinging
Batting: LHB Zack Berney 0-0: Fly out, F4 (Flyball, 4MD, EV 94.4 MPH)
Batting: SHB Antoine Roux 0-0: SINGLE (Line Drive, 6D, EV 107.5 MPH)
Batting: RHB Eric Chotkowski 0-0: Called Strike
0-1: Called Strike
0-2: Ball
1-2: Strikes out looking
Top of the 3rd over - 0 runs, 1 hit, 0 errors, 1 left on base; St. Louis 1 - Chicago 0
BOTTOM OF THE 3RD
Chicago Cubs batting - Pitching for St. Louis Cardinals : LHP Steve Cooper
Batting: RHB Elijah Campbell 0-0: Called Strike
0-1: Ball
1-1: Ground out 5-3 (Groundball, 56, EV 107.5 MPH)
Batting: RHB Josh Kalman 0-0: Ball
1-0: Ball
2-0: Fly out, F8 (Flyball, 78D, EV 86.3 MPH)
Batting: RHB Efrain Vargas 0-0: Ball
1-0: Ball
2-0: Ball
3-0: Called Strike
3-1: Base on Balls
Batting: RHB Will Leslie 0-0: Called Strike
0-1: Ball
1-1: Swinging Strike
1-2: Ball
2-2: Strikes out swinging
Bottom of the 3rd over - 0 runs, 0 hits, 0 errors, 1 left on base; St. Louis 1 - Chicago 0
TOP OF THE 4TH
St. Louis Cardinals batting - Pitching for Chicago Cubs : RHP Randy Budgell
Batting: LHB Ben Rubenacker 0-0: Ball
1-0: Ball
2-0: Ball
3-0: Called Strike
3-1: Called Strike
3-2: Foul Ball, location: 2F
3-2: Foul Ball, location: 2F
3-2: Fly out, F8 (Line Drive, 78M, EV 111.3 MPH)
Batting: RHB Cole Bittner 0-0: Ground out 4-3 (Groundball, 4M, EV 93.8 MPH)
Batting: RHB Jason Gress 0-0: Called Strike
0-1: Called Strike
0-2: Strikes out swinging
Top of the 4th over - 0 runs, 0 hits, 0 errors, 0 left on base; St. Louis 1 - Chicago 0
BOTTOM OF THE 4TH
Chicago Cubs batting - Pitching for St. Louis Cardinals : LHP Steve Cooper
Batting: LHB Kevin Norton 0-0: Ball
1-0: Ball
2-0: Fly out, F7 (Flyball, 78M, EV 76.9 MPH)
Batting: RHB Steve Bui 0-0: Swinging Strike
0-1: Ball
1-1: Ball
2-1: Ball
3-1: Called Strike
3-2: Ground out 5-3 (Groundball, 56S, EV 72.5 MPH)
Batting: RHB Adam O'Hare 0-0: Ball
1-0: Called Strike
1-1: Swinging Strike
1-2: Fly out, F4 (Popup, 4, EV 60.0 MPH)
Bottom of the 4th over - 0 runs, 0 hits, 0 errors, 0 left on base; St. Louis 1 - Chicago 0
TOP OF THE 5TH
St. Louis Cardinals batting - Pitching for Chicago Cubs : RHP Randy Budgell
Batting: RHB Pavpv Ivanushkin 0-0: Ball
1-0: Called Strike
1-1: Ground out 3-1 (Groundball, 13, EV 86.9 MPH)
Batting: RHB Rick O'Reilly 0-0: SINGLE (Line Drive, 78M, EV 93.8 MPH)
Batting: RHB Nick Gentzel 0-0: Ball
1-0: Foul Ball, location: 2F
1-1: Foul Ball, location: 2F
1-2: Ball
2-2: Ball
3-2: Foul Ball, location: 2F
3-2: Foul Ball, location: 2F
3-2: Base on Balls
Rick O'Reilly to second
Batting: LHB Zack Berney 0-0: Ball
1-0: Fielders Choice at 2nd, 4-6 (Groundball, 4, EV 107.5 MPH)
Rick O'Reilly to third
Batting: SHB Antoine Roux 0-0: Foul Ball, location: 2F
0-1: Ball
1-1: Fly out, F7 (Flyball, 7S, EV 91.3 MPH)
Top of the 5th over - 0 runs, 1 hit, 0 errors, 2 left on base; St. Louis 1 - Chicago 0
BOTTOM OF THE 5TH
Chicago Cubs batting - Pitching for St. Louis Cardinals : LHP Steve Cooper
Batting: RHB Andy Wasierski 0-0: Ground out 5-3 (Groundball, 56, EV 78.1 MPH)
Batting: RHB Jamie Ogilvie 0-0: Ball
1-0: Ground out 6-3 (Groundball, 6, EV 88.8 MPH)
Batting: RHB Elijah Campbell 0-0: Ground out 5-3 (Groundball, 5, EV 85.6 MPH)
Bottom of the 5th over - 0 runs, 0 hits, 0 errors, 0 left on base; St. Louis 1 - Chicago 0
TOP OF THE 6TH
St. Louis Cardinals batting - Pitching for Chicago Cubs : RHP Randy Budgell
Batting: RHB Eric Chotkowski 0-0: Foul Ball, location: 2F
0-1: Foul Ball, location: 2F
0-2: Foul Ball, location: 2F
0-2: Ball
1-2: Ball
2-2: Foul Ball, location: 2F
2-2: Foul Ball, location: 2F
2-2: Ground out 6-3 (Groundball, 6, EV 110.6 MPH)
Batting: LHB Ben Rubenacker 0-0: Fly out, F5 (Line Drive, 6, EV 70.6 MPH)
Batting: RHB Cole Bittner 0-0: Ball
1-0: Ball
2-0: Foul Ball, location: 2F
2-1: Ground out U3 (Groundball, 3, EV 91.3 MPH)
Top of the 6th over - 0 runs, 0 hits, 0 errors, 0 left on base; St. Louis 1 - Chicago 0
BOTTOM OF THE 6TH
Chicago Cubs batting - Pitching for St. Louis Cardinals : LHP Steve Cooper
Batting: RHB Josh Kalman 0-0: Ball
1-0: Foul Ball, location: 2F
1-1: Fly out, F9 (Line Drive, 9, EV 91.3 MPH)
Batting: RHB Efrain Vargas 0-0: Ball
1-0: Foul Ball, location: 2F
1-1: Ball
2-1: Called Strike
2-2: Ball
3-2: Foul Ball, location: 2F
3-2: Fly out, F2 (Popup, 2RF, EV 88.1 MPH)
Batting: RHB Will Leslie 0-0: Ball
1-0: Foul Ball, location: 2F
1-1: Called Strike
1-2: SOLO HOME RUN (Flyball, 7LD, EV 98.8 MPH), Distance : 366 ft
Batting: LHB Kevin Norton 0-0: Fly out, F5 (Popup, 5, EV 72.5 MPH)
Bottom of the 6th over - 1 run, 1 hit, 0 errors, 0 left on base; St. Louis 1 - Chicago 1
TOP OF THE 7TH
St. Louis Cardinals batting - Pitching for Chicago Cubs : RHP Randy Budgell
Batting: RHB Jason Gress 0-0: Ball
1-0: Ball
2-0: Swinging Strike
2-1: Ball
3-1: Foul Ball, location: 2F
3-2: Base on Balls
Batting: RHB Pavpv Ivanushkin 0-0: Fly out, F9 (Flyball, 9D, EV 89.4 MPH)
Batting: RHB Rick O'Reilly 0-0: Ball
1-0: Foul Ball, location: 2F
1-1: Swinging Strike
1-2: Strikes out swinging
Batting: RHB Nick Gentzel 0-0: Foul Ball, location: 2F
0-1: DOUBLE (Line Drive, 3D, EV 95.0 MPH)
Jason Gress to third
Batting: LHB Zack Berney 0-0: Foul Ball, location: 2F
0-1: Ball
1-1: Ground out 6-3 (Groundball, 6, EV 81.9 MPH)
Top of the 7th over - 0 runs, 1 hit, 0 errors, 2 left on base; St. Louis 1 - Chicago 1
BOTTOM OF THE 7TH
Chicago Cubs batting - Pitching for St. Louis Cardinals : LHP Steve Cooper
Batting: RHB Steve Bui 0-0: Ball
1-0: Foul Ball, location: 2F
1-1: DOUBLE (Line Drive, 78D, EV 105.6 MPH)
Batting: RHB Adam O'Hare 0-0: Called Strike
0-1: Foul Ball, location: 2F
0-2: Foul Ball, location: 2F
0-2: Strikes out swinging
Batting: RHB Andy Wasierski 0-0: Intentional Walk
Batting: RHB Jamie Ogilvie 0-0: SINGLE (Line Drive, 6M, EV 97.5 MPH)
Steve Bui to third
Andy Wasierski to second
Batting: RHB Elijah Campbell 0-0: Grounds into fielders choice 4-2 (Groundball, 4M, EV 101.3 MPH)
Andy Wasierski to third
Jamie Ogilvie to second
Batting: RHB Josh Kalman 0-0: Foul Ball, location: 2F
0-1: Ball
1-1: Foul Ball, location: 2F
1-2: Foul Ball, location: 2F
1-2: Foul Ball, location: 2F
1-2: Foul Ball, location: 2F
1-2: Fielders Choice at 2nd, 6-4 (Groundball, 6, EV 103.8 MPH)
Bottom of the 7th over - 0 runs, 2 hits, 0 errors, 3 left on base; St. Louis 1 - Chicago 1
TOP OF THE 8TH
St. Louis Cardinals batting - Pitching for Chicago Cubs : RHP Randy Budgell
Pitching: RHP Yeong-kil Suck
Batting: SHB Antoine Roux 0-0: Called Strike
0-1: Swinging Strike
0-2: Strikes out swinging
Batting: RHB Eric Chotkowski 0-0: Ground out 5-3 (Groundball, 5S, EV 64.4 MPH)
Batting: LHB Ben Rubenacker 0-0: Called Strike
0-1: Foul Ball, location: 2F
0-2: Ball
1-2: Ball
2-2: Ball
3-2: Ground out 4-3 (Groundball, 34D, EV 80.6 MPH)
Top of the 8th over - 0 runs, 0 hits, 0 errors, 0 left on base; St. Louis 1 - Chicago 1
BOTTOM OF THE 8TH
Chicago Cubs batting - Pitching for St. Louis Cardinals : LHP Steve Cooper
Pitching: RHP Brent Garland
Batting: RHB Efrain Vargas 0-0: Ball
1-0: Ball
2-0: Foul Ball, location: 2F
2-1: Ball
3-1: Fly out, F8 (Flyball, 8LXD, EV 95.0 MPH)
Batting: RHB Will Leslie 0-0: Ball
1-0: Ball
2-0: Ball
3-0: Base on Balls
Batting: LHB Kevin Norton 0-0: Ball
1-0: Ball
2-0: Foul Ball, location: 2F
2-1: Called Strike
2-2: Foul Ball, location: 2F
2-2: Grounds into double play, 6-4-3 (Groundball, 6, EV 83.1 MPH)
Bottom of the 8th over - 0 runs, 0 hits, 0 errors, 0 left on base; St. Louis 1 - Chicago 1
TOP OF THE 9TH
St. Louis Cardinals batting - Pitching for Chicago Cubs : RHP Yeong-kil Suck
Batting: RHB Cole Bittner 0-0: Swinging Strike
0-1: Ball
1-1: Foul Ball, location: 2F
1-2: Strikes out swinging
Batting: RHB Jason Gress 0-0: Ball
1-0: Ball
2-0: Fly out, F5 (Line Drive, 5, EV 70.6 MPH)
Batting: RHB Pavpv Ivanushkin 0-0: Ball
1-0: Swinging Strike
1-1: Called Strike
1-2: Foul Ball, location: 2F
1-2: Ball
2-2: Foul Ball, location: 2F
2-2: Strikes out swinging
Top of the 9th over - 0 runs, 0 hits, 0 errors, 0 left on base; St. Louis 1 - Chicago 1
BOTTOM OF THE 9TH
Chicago Cubs batting - Pitching for St. Louis Cardinals : RHP Brent Garland
Pitching: RHP David Silva
Pinch Hitting: SHB Terry Tuckfard 0-0: Ball
1-0: Ball
2-0: Called Strike
2-1: Ball
3-1: Called Strike
3-2: Foul Ball, location: 2F
3-2: Foul Ball, location: 2F
3-2: Fly out, F8 (Flyball, 8RM, EV 96.3 MPH)
Batting: RHB Yasuhide Kasahara 0-0: Ball
1-0: Ball
2-0: Ground out 1-3 (Groundball, 13S, EV 58.1 MPH)
Batting: RHB Andy Wasierski 0-0: Called Strike
0-1: Ball
1-1: Ball
2-1: Foul Ball, location: 2F
2-2: Foul Ball, location: 2F
2-2: DOUBLE (Line Drive, 9LM, EV 108.1 MPH)
Batting: RHB Jamie Ogilvie 0-0: Ball
1-0: Ball
2-0: Foul Ball, location: 2F
2-1: Foul Ball, location: 2F
2-2: Ground out 6-3 (Groundball, 6, EV 81.3 MPH)
Bottom of the 9th over - 0 runs, 1 hit, 0 errors, 1 left on base; St. Louis 1 - Chicago 1
TOP OF THE 10TH
St. Louis Cardinals batting - Pitching for Chicago Cubs : RHP Yeong-kil Suck
Pitching: LHP George Poirier
Now at C: Terry Tuckfard
Batting: RHB Rick O'Reilly 0-0: DOUBLE (Line Drive, 9LD, EV 106.9 MPH)
Batting: RHB Nick Gentzel 0-0: Ball
1-0: Ball
2-0: Foul Ball, location: 2F
2-1: Ground out 5-3 (Groundball, 56S, EV 92.5 MPH)
Batting: LHB Zack Berney 0-0: Swinging Strike
0-1: Ball
1-1: Foul Ball, location: 2F
1-2: Foul Ball, location: 2F
1-2: Fly out, F9 (Flyball, 9LM, EV 97.5 MPH)
Batting: SHB Antoine Roux 0-0: Intentional Walk
Batting: RHB Eric Chotkowski 0-0: Ball
1-0: Foul Ball, location: 2F
1-1: Ground out 1-3 (Groundball, 13, EV 69.4 MPH)
Top of the 10th over - 0 runs, 1 hit, 0 errors, 2 left on base; St. Louis 1 - Chicago 1
BOTTOM OF THE 10TH
Chicago Cubs batting - Pitching for St. Louis Cardinals : RHP David Silva
Batting: RHB Elijah Campbell 0-0: Called Strike
0-1: Ball
1-1: Foul Ball, location: 2F
1-2: Ball
2-2: Foul Ball, location: 2F
2-2: Fly out, F9 (Line Drive, 9, EV 96.3 MPH)
Batting: RHB Josh Kalman 0-0: Ground out 4-3 (Groundball, 4, EV 101.9 MPH)
Batting: RHB Efrain Vargas 0-0: Fly out, F7 (Flyball, 7, EV 78.8 MPH)
Bottom of the 10th over - 0 runs, 0 hits, 0 errors, 0 left on base; St. Louis 1 - Chicago 1
TOP OF THE 11TH
St. Louis Cardinals batting - Pitching for Chicago Cubs : LHP George Poirier
Pinch Hitting: RHB Sergio Godinez 0-0: Foul Ball, location: 2F
0-1: Swinging Strike
0-2: Strikes out swinging
Batting: RHB Cole Bittner 0-0: Called Strike
0-1: Ground out 5-3 (Groundball, 56, EV 84.4 MPH)
Batting: RHB Jason Gress 0-0: Fly out, F8 (Flyball, 8LD, EV 99.4 MPH)
Top of the 11th over - 0 runs, 0 hits, 0 errors, 0 left on base; St. Louis 1 - Chicago 1
BOTTOM OF THE 11TH
Chicago Cubs batting - Pitching for St. Louis Cardinals : RHP David Silva
Now at 1B: Eric Chotkowski
Now at 3B: Dustin Clark
Batting: RHB Will Leslie 0-0: Foul Ball, location: 2F
0-1: Ball
1-1: Called Strike
1-2: Reached on error, E2 (Groundball, 15S, EV 61.3 MPH)
Batting: LHB Kevin Norton 0-0: Ball
1-0: Ground out 4-3 (Groundball, 13, EV 94.4 MPH)
Will Leslie to third
Batting: SHB Terry Tuckfard 0-0: Ball
1-0: Foul Ball, location: 2F
1-1: Foul Ball, location: 2F
1-2: Strikes out swinging
Batting: RHB Yasuhide Kasahara 0-0: Intentional Walk
Batting: RHB Andy Wasierski 0-0: Ball
1-0: Foul Ball, location: 2F
1-1: Ball
2-1: Called Strike
2-2: Foul Ball, location: 2F
2-2: Strikes out swinging
Bottom of the 11th over - 0 runs, 0 hits, 1 error, 2 left on base; St. Louis 1 - Chicago 1
TOP OF THE 12TH
St. Louis Cardinals batting - Pitching for Chicago Cubs : LHP George Poirier
Batting: RHB Pavpv Ivanushkin 0-0: Ball
1-0: DOUBLE (Line Drive, 9LM, EV 93.1 MPH)
Batting: RHB Rick O'Reilly 0-0: Ball
1-0: Ball
2-0: Ball
3-0: Called Strike
3-1: Base on Balls
Batting: RHB Nick Gentzel 0-0: Ball
1-0: Swinging Strike
1-1: Foul Ball, location: 2F
1-2: Ball
2-2: Foul Ball, location: 2F
2-2: Ball
3-2: Strikes out swinging
Batting: LHB Zack Berney 0-0: Ball
Pavpv Ivanushkin steals 3rd base
1-0: Ball
2-0: Called Strike
2-1: SINGLE (Groundball, 4M, EV 98.8 MPH) (infield hit)
Pavpv Ivanushkin scores
Rick O'Reilly to second
Batting: SHB Antoine Roux 0-0: Foul Ball, location: 2F
0-1: Called Strike
0-2: Ball
1-2: Strikes out swinging
Pitching: RHP Edwin Rivera
Batting: RHB Eric Chotkowski 0-0: Ball
Zack Berney is caught stealing 2nd base 2-4
Rick O'Reilly steals 3rd base
Top of the 12th over - 1 run, 2 hits, 0 errors, 1 left on base; St. Louis 2 - Chicago 1
BOTTOM OF THE 12TH
Chicago Cubs batting - Pitching for St. Louis Cardinals : RHP David Silva
Pitching: LHP Michael Colin
Batting: RHB Jamie Ogilvie 0-0: Called Strike
0-1: Ball
1-1: Foul Ball, location: 2F
1-2: SINGLE (Groundball, 6MD, EV 99.4 MPH)
Batting: RHB Elijah Campbell 0-0: Foul Ball, location: 2F
0-1: Ball
1-1: Ball
2-1: Ball
3-1: 2-RUN HOME RUN (Flyball, 7D, EV 98.8 MPH), Distance : 383 ft
Bottom of the 12th over - 2 runs, 2 hits, 0 errors, 0 left on base; St. Louis 2 - Chicago 3
Game Over ... Chicago defeats St. Louis, 3 to 2
Thursday, March 31st , 2022 - OOTP Baseball 22.12 Build 89